 Dungeon Crawl Stone Soup version 0.32-a0-20-ge526923d97 (webtiles) character file.

Game seed: 17607054834795965373

1684 Curundu the Cleaver (level 8, -27/96 HPs)
             Began as a Minotaur Berserker on Jan 18, 2024.
             Was a Priest of Trog.
             Annihilated by a komodo dragon (31 damage)
             ... on level 6 of the Dungeon.
             The game lasted 00:17:03 (5518 turns).

Curundu the Cleaver (Minotaur Berserker)            Turns: 5518, Time: 00:17:04

Health: -27/96     AC:  9    Str: 24    XL:     8   Next: 71%
Magic:  7/7        EV: 10    Int:  4    God:    Trog [***...]
Gold:   310        SH:  0    Dex: 10    Spells: 7/7 levels left

rFire   . . .        a - +1 hand axe (chaos)
rCold   . . .        (no shield)
rNeg    . . .        l - +0 scale mail
rPois   .            (helmet restricted)
rElec   .            w - +1 cloak
rCorr   .            (no gloves)
SInv    .            u - +0 pair of boots
Will    .....        (no amulet) Stlth
                     (no ring)
HPRegen 0.36/turn    (no ring)
MPRegen 0.10/turn

%: no passive effects
@: berserking, studying Ranged Weapons, very quick
A: horns 2, retaliatory headbutt
a: Renounce Religion, Berserk, Trog's Hand


You were on level 6 of the Dungeon.
You worshipped Trog.
Trog was most pleased with you.
You visited 1 branch of the dungeon, and saw 6 of its levels.

You collected 310 gold pieces.

Inventory:

Hand Weapons
 a - a +1 hand axe of chaos (weapon)
Missiles
 k - 7 boomerangs
 o - 6 javelins
Armour
 l - a +0 scale mail (worn)
 u - a +0 pair of boots (worn)
 w - a +1 cloak (worn)
Jewellery
 f - an amulet of the acrobat
 q - an amulet of guardian spirit
 v - a ring of protection from cold
Wands
 g - a wand of flame (29)
Scrolls
 c - a scroll of enchant weapon
 d - 6 scrolls of identify
 i - a scroll of poison
 j - 2 scrolls of summoning
 n - a scroll of revelation
 t - a scroll of immolation
 x - a scroll of fog
 A - a scroll of teleportation
Potions
 b - a potion of brilliance {unknown}
 e - 2 potions of resistance
 h - 5 potions of mutation {unknown}
 m - a potion of magic {unknown}
 p - a potion of curing
 r - a potion of haste {unknown}
 z - a potion of lignification {unknown}
 B - a potion of degeneration {unknown}
 C - a potion of cancellation {unknown}


   Skills:
 - Level 3.6 Fighting
 + Level 13.6 Axes
 - Level 2.4 Armour
 - Level 2.1 Dodging


You had 7 spell levels left.
You didn't know any spells.
Your spell library was empty.

Dungeon Overview and Level Annotations

Branches:
Dungeon (6/15)
 Temple: D:4-7

Altars:
Ashenzari
Fedhas
Nemelex Xobeh
Qazlal
Wu Jian
Yredelemnul


Innate Abilities, Weirdness & Mutations

You have a pair of horns on your head.
You reflexively headbutt those who attack you in melee.


Message History

a +0 scimitar; a +0 chain mail; an orc corpse You now have 310 gold pieces (gained 7).
Found 7 stones.
A komodo dragon comes into view.
You closely miss the komodo dragon. The komodo dragon barely misses you.
You barely miss the komodo dragon.
You hit the komodo dragon but do no damage.
The komodo dragon bites you!!
You hit the komodo dragon.
The komodo dragon flies into a frenzy!
You headbutt the komodo dragon.
The komodo dragon is lightly wounded.
The komodo dragon bites you!!
* * * LOW HITPOINT WARNING * * *
You hit the komodo dragon.
You headbutt the komodo dragon, but do no damage.
The komodo dragon is lightly wounded.
The komodo dragon closely misses you.
Throw: throwing net
Press: ? - help, Q - select action, (/) - cycle Shift-Dir - straight line, f - komodo dragon
Aim: a komodo dragon (lightly wounded, fast, strong, frenzied and wild, 61% to hit)
You throw a throwing net.
The throwing net barely misses the komodo dragon.
The komodo dragon bites you!
* * * LOW HITPOINT WARNING * * *
A red film seems to cover your vision as you go berserk!
You feel yourself moving faster!
You feel mighty! The komodo dragon barely misses you.
The komodo dragon closely misses you.
You hit the komodo dragon. You headbutt the komodo dragon!
The komodo dragon is heavily wounded.
You hit the komodo dragon. Your headbutt misses the komodo dragon.
The komodo dragon is heavily wounded.
The komodo dragon closely misses you.
You slash the komodo dragon!
The komodo dragon seems to slow down.
You freeze the komodo dragon.
The komodo dragon is severely wounded.
You hit the komodo dragon but do no damage.
The komodo dragon seems to slow down.
The komodo dragon is severely wounded.
The komodo dragon bites you!!
You die...

#........# #...
#........# ##.
#........# ..
########.###.###.
####..(.^....
#.....#..#.##
#.##........
##+##..#..#...
#(..l@....# ..
#......#..# .
#......#..#
##...... .#
#.#####.## .. ..
### ##


You could see a neutral komodo dragon (fast, strong, frenzied, slow).

Vanquished Creatures
  Grinder (D:4)
  Edmund (D:5)
  An orc warrior (D:6)
  The ghost of jasper the Chopper, an amateur HOCA of Ignis (D:3)
  A sky beast (D:4)
  2 ogres (D:5)
  A centaur (D:4)
  4 scorpions
  2 jellies
  A gnoll bouda (D:4)
  An iguana (D:5)
  A sleepcap (D:5)
  7 orc wizards
  Robin (D:4)
  7 gnolls
  10 adders
  A dart slug (D:2)
  2 ribbon worms (D:4)
  16 orcs
  4 ball pythons
  9 endoplasms
  3 giant cockroaches
  11 goblins
  11 hobgoblins
  3 jackals (D:4)
  6 quokkas
  A ball python zombie (D:3)
  7 bats
  3 frilled lizards
  A jackal zombie (D:3)
  6 kobolds
  2 rats
128 creatures vanquished.

Notes
Turn   | Place    | Note
-------+----------+-------------------------------------------
     0 | D:1      | Curundu the Minotaur Berserker began the quest for the Orb.
     0 | D:1      | Reached XP level 1. HP: 19/19 MP: 0/0
    67 | D:1      | Reached skill level 4 in Axes
    89 | D:1      | Reached XP level 2. HP: 24/26 MP: 1/1
   282 | D:1      | Found a faded altar of an unknown god.
  1035 | D:2      | Reached skill level 5 in Axes
  1037 | D:2      | Reached XP level 3. HP: 26/31 MP: 2/2
  1038 | D:2      | Reached ** piety under Trog
  1249 | D:2      | Reached skill level 6 in Axes
  1249 | D:2      | Reached XP level 4. HP: 39/39 MP: 3/3
  1805 | D:3      | Reached skill level 7 in Axes
  1805 | D:3      | Reached XP level 5. HP: 36/45 MP: 4/4
  1810 | D:3      | Found a stormy altar of Qazlal.
  1810 | D:3      | Found a blossoming altar of Fedhas.
  1814 | D:3      | HP: 1/45 [gnoll/+0 spear (2)]
  2022 | D:3      | Found a runed translucent gate.
  2022 | D:3      | Found a runed translucent gate.
  2022 | D:3      | Found a runed translucent gate.
  2022 | D:3      | Noticed jasper's ghost (amateur HOCA)
  2024 | D:3      | Found a basalt altar of Yredelemnul.
  2314 | D:3      | Killed jasper's ghost
  2315 | D:3      | Reached skill level 8 in Axes
  2475 | D:4      | Reached XP level 6. HP: 13/51 MP: 5/5
  2626 | D:4      | Found a sparkling altar of Nemelex Xobeh.
  2626 | D:4      | Noticed Robin
  2654 | D:4      | Killed Robin
  2897 | D:4      | Reached skill level 9 in Axes
  3098 | D:4      | Reached *** piety under Trog
  3181 | D:4      | Reached XP level 7. HP: 29/57 MP: 6/6
  3455 | D:4      | Reached skill level 10 in Axes
  3747 | D:4      | Noticed Grinder
  3751 | D:4      | Paralysed by Grinder for 5 turns
  3764 | D:4      | Killed Grinder
  3765 | D:4      | Reached skill level 11 in Axes
  3912 | D:4      | Reached XP level 8. HP: 21/64 MP: 7/7
  4240 | D:5      | Entered Level 5 of the Dungeon
  4299 | D:5      | Reached skill level 12 in Axes
  4453 | D:5      | Found a broken altar of Ashenzari.
  4454 | D:5      | Noticed Edmund
  4457 | D:5      | Saw a vision of the Swamp and the Snake Pit.
  4457 | D:5      | Noticed a naga ritualist
  4457 | D:5      | Noticed a black mamba
  4457 | D:5      | Noticed a black mamba
  4457 | D:5      | Noticed a will-o-the-wisp
  4457 | D:5      | Noticed an eleionoma
  4457 | D:5      | Noticed an alligator
  4466 | D:5      | Killed Edmund
  4467 | D:5      | Noticed a five-headed hydra
  4533 | D:5      | Noticed a will-o-the-wisp
  5091 | D:5      | Found an ornate altar of the Wu Jian Council.
  5259 | D:6      | Reached skill level 13 in Axes
  5506 | D:6      | Noticed a komodo dragon
  5513 | D:6      | HP: 2/64 [komodo dragon (11)]
  5518 | D:6      | Annihilated by a komodo dragon

Illustrated notes

Levels and vault maps discovered:
D:1:      elethiomel_arrival_shortcut, layout_rooms, serial_forest,
          infiniplex_forest_end_2, infiniplex_forest_lined_4_way,
          infiniplex_forest_clump_long, infiniplex_forest_straight_5,
          infiniplex_forest_end_1, infiniplex_forest_clump_small,
          infiniplex_forest_end_1, infiniplex_forest_clump_long,
          hellmonk_ecumenical_altar_pennies_from_heaven, nicolae_titane
D:2:      layout_rooms, serial_park_tiny_2
D:3:      layout_rooms, nicolae_yredelemnul_ghost_church,
          grunt_temple_overflow_forces_of_nature, serial_glass, glass_columns_a,
          glass_columns_a
D:4:      layout_loops_corners, old_standard_altar, mrwooster_statue_mirror,
          minmay_manual_mullet, uniq_grinder, uniq_robin
D:5:      layout_loops_ring, mainiacjoe_overflow_tiny_flanked,
          grunt_ashenzari_visionary [grunt_ashenzari_visionary_swamp,
          grunt_ashenzari_visionary_snake], hangedman_decor_diamond_cutter,
          dk_noncrumbling_3, uniq_edmund
D:6:      layout_basic, st_stairs_2

Skill      XL: |  1  2  3  4  5  6  7  8 |
---------------+-------------------------+-----
Axes           | 4 5 6 7 8 9 11 13 | 13.6
Fighting       | |  3.6
Armour         | |  2.4
Dodging        | |  2.1

Action                     |  1- 3 |  4- 6 |  7- 9 || total
---------------------------+-------+-------+-------++-------
  Melee: Hand axe          |   245 |   144 |   162 ||   551
         Headbutt          |    70 |    20 |    27 ||   117
         Punch             |     3 |     1 |     3 ||     7
  Throw: Javelin           |       |     6 |       ||     6
         Throwing net      |       |       |     1 ||     1
 Invoke: Trog's Hand       |       |     2 |     3 ||     5
         Berserk           |       |     1 |     3 ||     4
    Use: Scroll            |     5 |     4 |     4 ||    13
         Potion            |       |     2 |       ||     2
 Armour: Animal skin       |    41 |    18 |       ||    59
         Scale mail        |       |    85 |   111 ||   196
  Dodge: Dodged            |    49 |    72 |    56 ||   177

Table legend: (Time is in decaauts)
 A = Elapsed time spent in this place.
 B = Non-inter-level travel time spent in this place.
 C = Inter-level travel time spent in this place.
 D = Time resting spent in this place.
 E = Time spent auto-exploring this place.
 F = Levels seen in this place.
 G = Mean time per level.
                   A        B        C        D        E       F      G
               +--------+--------+--------+--------+--------+-----+--------+
         Total |   5542 |   5542 |      0 |    240 |   3815 |   6 |  923.7 |
       Dungeon |   5542 |   5542 |      0 |    240 |   3815 |   6 |  923.7 |
               +--------+--------+--------+--------+--------+-----+--------+

Top non-repeatable levels by time:
     D:4: 1845 daAuts
     D:1: 998 daAuts
     D:5: 957 daAuts
     D:3: 891 daAuts
     D:2: 560 daAuts
     D:6: 289 daAuts
